 Dungeon Crawl Stone Soup version 0.27.1-37-g7b29ead8ac (console) character file.

Game seed: 14208294664041692052

1618 grimtooth the Arsonist (level 8, 0/57 HPs)
             Began as a Hill Orc Fire Elementalist on Aug 9, 2023.
             Slain by Pikel (2 damage)
             ... on level 6 of the Dungeon.
             The game lasted 00:28:00 (8646 turns).

grimtooth the Arsonist (Hill Orc Fire Elementalist) Turns: 8646, Time: 00:28:01

Health: 0/57       AC:  2    Str: 12    XL:     8   Next: 96%
Magic:  6/12       EV: 11    Int: 22    God:
Gold:   54         SH:  0    Dex: 11    Spells: 5/13 levels left

rFire    + . .     SeeInvis .   c - +4 dagger (venom)
rCold    x . .     Faith    .   (no shield)
rNeg     . . .     Spirit   .   l - +0 leather armour
rPois    .         Reflect  .   (no helmet)
rElec    .         Harm     .   w - +0 cloak
rCorr    .         Rampage  .   (no gloves)
Will     .....                  i - +0 pair of boots
Stlth    ++........             x - amulet of the acrobat
HPRegen  0.19/turn              k - +6 ring of intelligence
MPRegen  0.13/turn              o - ring of fire

@: corroded, very slightly contaminated
A: no striking features
a: no special abilities


You were on level 6 of the Dungeon.
You visited 1 branch of the dungeon, and saw 6 of its levels.

You collected 280 gold pieces.
You spent 226 gold pieces at shops.

Inventory:

Hand Weapons
 c - a +4 dagger of venom (weapon)
 d - a +0 flail of draining
 e - a +3 whip
Missiles
 b - 66 stones (quivered)
 r - 3 atropa-tipped darts
 y - 22 poisoned darts
 A - 7 sling bullets
Armour
 a - a +0 robe
 i - a +0 pair of boots (worn)
 l - a +0 leather armour (worn)
 w - a +0 cloak (worn)
Jewellery
 k - a +6 ring of intelligence (left hand)
 o - a ring of fire (right hand)
 s - a +6 ring of intelligence
 x - an amulet of the acrobat (around neck)
Wands
 n - a wand of flame (21)
 u - a wand of polymorph (21)
Scrolls
 h - 2 scrolls of teleportation
 j - 2 scrolls of amnesia
 m - a scroll of enchant weapon
 p - a scroll of silence
 D - a scroll of fog
Potions
 f - a potion of haste
 g - 2 potions of brilliance
 q - 2 potions of cancellation
 t - 4 potions of curing
 v - a potion of resistance
 z - 2 potions of flight {unknown}
Miscellaneous
 B - a piece from Xom's chessboard (15/15)


   Skills:
 + Level 5.0 Armour
 - Level 1.5 Dodging
 + Level 2.6 Stealth
 - Level 3.0 Spellcasting
 - Level 6.0 Conjurations
 + Level 8.0 Fire Magic


You had 5 spell levels left.
You knew the following spells:

 Your Spells              Type           Power      Damage    Failure   Level
a - Foxfire               Conj/Fire      100%       2x1d9     1%          1
c - Conjure Flame         Conj/Fire      50%        6-21      2%          3
d - Sticky Flame          Conj/Fire      50%        2d7       9%          4

Your spell library contained the following spells:

 Spells                   Type           Power      Damage    Failure   Level
 Magic Dart               Conj           100%       1d8       1%          1
 Searing Ray              Conj           58%        3d5       1%          2
 Inner Flame              Hex/Fire       31%        N/A       9%          3
 Fireball                 Conj/Fire      25%        3d11      24%         5
 Fulminant Prism          Conj/Hex       8%         3d7       41%         4
 Ozocubu's Armour         Ice            3%         N/A       43%         3
 Tukima's Dance           Hex            3%         N/A       43%         3
 Passage of Golubria      Tloc           N/A        N/A       83%         4
 Yara's Violent Unravell  Hex/Tmut       1%         3d3       99%         5
 Ozocubu's Refrigeration  Ice            1%         4d5       100%        7


Dungeon Overview and Level Annotations

Branches:
Dungeon (6/15)
 Temple: D:4-7

Altars:
Dithmenos
Qazlal
Vehumet

Shops:
D:6 *!(??=[:

Annotations:
D:6 2 transporters, Pikel; cbfl8's ghost, weakling MiDe


Message History

Pikel zaps a wand.
The bolt of acid misses you.
Unknown command.
The foxfire hits Pikel.
Pikel is lightly wounded.
The foxfire hits Pikel.
Pikel is moderately wounded.
The foxfire hits Pikel but does no damage.
Pikel is moderately wounded.
The lemure completely misses you.
Casting: Foxfire (safe; 1% risk of failure)
Confirm with . or Enter, or press ? or * to list all spells.
You feel a surge of power!
You conjure some foxfire!
The lemure hits you!
Your foxfire dissipates!
The foxfire hits Pikel.
Pikel is heavily wounded.
The lemure completely misses you.
Casting: Foxfire (safe; 1% risk of failure)
Confirm with . or Enter, or press ? or * to list all spells.
Aiming: Sticky Flame (dangerous; 9% risk of failure)
Press: ? - help, Shift-Dir - straight line, f - Pikel
Aim: Pikel, wielding a +1 whip of flaming, wearing a +0 robe and carrying a wand of acid (7) (heavily wounded, 100% to hit)
You feel a surge of power!
You miscast Sticky Flame.
You are very lightly contaminated with residual magic.
Nothing appears to happen.
Pikel zaps a wand.
The bolt of acid hits you!! The acid corrodes you!
You are splashed with acid!
* * * LOW HITPOINT WARNING * * *
The lemure hits you but does no damage.
Okay, then.
Enter note:
As you read the scroll labelled DOYSKO QY CIO, it crumbles to dust.
It is a scroll of amnesia.
Really abort (and waste the scroll)?
Uppercase [Y]es or [N]o only, please.
Really abort (and waste the scroll)?
Okay, then.
Pikel hits you with a +1 whip of flaming!
* * * LOW HITPOINT WARNING * * *
Pikel burns you.
You die...

. ##. ### #.. #.. #.# #.. #.# ###
#.# ######+## ######^# #........
#...5..# #........
#..@#..#####...#..##
#..K#..5............
##................###
###......>......K..##..
#......#......(........
###########.....[#..............#
.............#...##..........#..#
............#######....5.....#..#
.♣.♣.♣.....## ##........##...
∩...∩......# ##.............
.♣.♣.♣.....# ###..............


You could see Pikel and a lemure.

Vanquished Creatures
  Menkaure (D:4)
  Edmund (D:4)
  A water moccasin (D:5)
  2 ogres
  3 necrophages
  A lemure (D:5)
  A phantom (D:6)
  A centaur (D:5)
  A wyvern zombie (D:6)
  A water moccasin skeleton (D:6)
  A centaur zombie (D:6)
  A hound (D:4)
  A bullfrog skeleton (D:6)
  3 jellies
  A scorpion zombie (D:5)
  Ijyb (D:3)
  2 iguanas (D:4)
  2 orc wizards (D:6)
  2 hound skeletons (D:4)
  3 gnolls (D:5)
  A howler monkey skeleton (D:5)
  A howler monkey zombie (D:6)
  9 adders
  A shadow imp (D:6)
  A white imp (D:6)
  2 ufetubi
  2 worms
  4 dart slugs
  7 orcs
  A bat (D:1)
  5 endoplasms
  2 giant cockroaches
  9 goblins
  4 hobgoblins
  3 jackals (D:3)
  4 ball pythons
  4 frilled lizards
  9 kobolds
  4 rats
103 creatures vanquished.

Vanquished Creatures (others)
  332 foxfires
332 creatures vanquished.

Grand Total: 435 creatures vanquished

Notes
Turn   | Place    | Note
-------+----------+-------------------------------------------
     0 | D:1      | grimtooth the Hill Orc Fire Elementalist began the quest
                  | for the Orb.
     0 | D:1      | Reached XP level 1. HP: 14/14 MP: 3/3
   269 | D:1      | Reached XP level 2. HP: 20/20 MP: 1/4
  1080 | D:2      | Reached XP level 3. HP: 26/26 MP: 3/5
  1126 | D:2      | Reached skill level 4 in Fire Magic
  1511 | D:2      | Found a faded altar of an unknown god.
  1939 | D:3      | Noticed a necrophage
  1947 | D:3      | Killed a necrophage
  1948 | D:3      | Reached skill level 5 in Fire Magic
  1948 | D:3      | Reached XP level 4. HP: 33/33 MP: 1/6
  1948 | D:3      | Reached XP level 5. HP: 38/38 MP: 1/7
  2035 | D:3      | Found a shadowy altar of Dithmenos.
  2217 | D:3      | Noticed Ijyb
  2229 | D:3      | Killed Ijyb
  2689 | D:3      | Noticed an ogre
  3769 | D:3      | Learned a level 3 spell: Conjure Flame
  4090 | D:4      | Reached XP level 6. HP: 45/45 MP: 1/8
  4407 | D:4      | Noticed Menkaure
  4749 | D:4      | Reached skill level 6 in Fire Magic
  4981 | D:4      | Noticed Edmund
  5027 | D:4      | Killed Edmund
  5028 | D:4      | Reached XP level 7. HP: 34/50 MP: 7/11
  5385 | D:4      | You fall into a shaft and drop 1 floor!
  5385 | D:5      | Entered Level 5 of the Dungeon
  5455 | D:5      | Found a radiant altar of Vehumet.
  6063 | D:3      | Reached skill level 5 in Conjurations
  6332 | D:4      | Killed Menkaure
  6333 | D:4      | Reached skill level 1 in Armour
  6834 | D:5      | Found a stormy altar of Qazlal.
  6874 | D:5      | Reached XP level 8. HP: 56/57 MP: 8/12
  7373 | D:5      | Reached skill level 7 in Fire Magic
  7635 | D:6      | Found Uticuna's Book Emporium.
  7641 | D:6      | Found a transporter.
  7643 | D:6      | Found a transporter.
  7644 | D:6      | Noticed cbfl8's ghost (weakling MiDe)
  7700 | D:6      | Noticed a queen bee
  7702 | D:6      | Noticed a hornet
  7703 | D:6      | Noticed Pikel
  7792 | D:5      | Learned a level 4 spell: Sticky Flame
  8105 | D:6      | Found Ysaubb's Antique Armour Shop.
  8115 | D:6      | Found Qeraerghi's Magic Scroll Emporium.
  8123 | D:6      | Bought a scroll of identify for 28 gold pieces
  8123 | D:6      | Bought a scroll of fog for 28 gold pieces
  8124 | D:6      | Bought 3 scrolls of identify for 84 gold pieces
  8145 | D:6      | Found Hitzo's Jewellery Boutique.
  8351 | D:6      | Reached skill level 5 in Armour
  8417 | D:6      | Found Qonwir's Distillery.
  8418 | D:6      | Found Jynuicw's Magic Scroll Emporium.
  8420 | D:6      | Found Ralygg's Antique Weapon Emporium.
  8420 | D:6      | Found Kisoh's Assorted Antiques.
  8430 | D:6      | Reached skill level 8 in Fire Magic
  8480 | D:6      | Bought a potion of curing for 30 gold pieces
  8480 | D:6      | Bought a potion of curing for 30 gold pieces
  8485 | D:6      | Bought a scroll of identify for 26 gold pieces
  8486 | D:6      | - lovely shops!
  8646 | D:6      | HP: 2/57 [Pikel (11)]
  8646 | D:6      | Slain by Pikel

Illustrated notes

..... #...
###############..?. #n..
#................# #..
#...............# #..
#..♣.♣.♣.♣.....# ##.
#...∩...∩......# ##n
#..♣.♣.♣.♣.....# ###..
#.....#....†...# #....
#..♣.♣.♣.♣.##### #.#..
#...∩..[∩..# #.#..
#..♣.♣.♣@♣.# ###.#..
##.........#
######...##.
########.####.......####
#............# #
######.......# #
#.......# # #.......####
#...........
#.......##∩.
#.......##!#
#.......##.#


Turn 8486 on D:6: - lovely shops!

Levels and vault maps discovered:
D:1:      tarquinn_simple_flora_water_c, layout_loops_ring
D:2:      layout_loops_ring, hellmonk_ecumenical_altar_leap_of_faith
D:3:      layout_basic, mainiacjoe_overflow_alcove_4, minmay_misc_feat_square,
          uniq_ijyb
D:4:      layout_loops_corners, roderic_serpentine_path,
          kennysheep_generic_room_3, uniq_edmund, uniq_menkaure
D:5:      layout_gridville, mainiacjoe_overflow_brackets,
          nicolae_vehumet_radiance, serial_rivers, chequers_serial_rivers_marsh,
          chequers_serial_rivers_micro_d, chequers_serial_rivers_large_a,
          chequers_serial_rivers_room_b, chequers_serial_rivers_micro_a,
          chequers_serial_rivers_small_b, chequers_jeans
D:6:      layout_rooms, mainiacjoe_overflow_swirl, serial_shops,
          nicolae_diamond_shop, shop, nicolae_shop_crystal, shop,
          gammafunk_ghost_hive, minmay_shop_grid_forest,
          hellmonk_bongcloud_opening, uniq_pikel

Skill      XL: |  1  2  3  4  5  6  7  8 |
---------------+-------------------------+-----
Conjurations   | 2 3 4 6 |  6.0
Fire Magic     | 5 6 8 |  8.0
Spellcasting   | 2 3 |  3.0
Armour         | 2 5 |  5.0
Stealth        | 2 |  2.6
Dodging        | |  1.5

Action                   |  1- 3 |  4- 6 |  7- 9 || total
-------------------------+-------+-------+-------++-------
Melee: Dagger            |    13 |    29 |    27 ||    69
Throw: Stone             |     1 |     1 |       ||     2
 Cast: Foxfire           |    55 |    41 |    97 ||   193
       Conjure Flame     |       |     7 |    13 ||    20
       Sticky Flame      |       |       |     1 ||     1
  Use: Scroll            |       |     4 |     7 ||    11
       Potion            |       |     2 |       ||     2
 Stab: Sleeping          |       |     1 |       ||     1
Armor: Robe              |     6 |     4 |     4 ||    14
       Leather armour    |       |       |     3 ||     3
Dodge: Dodged            |    13 |    21 |    24 ||    58
